 Dungeon Crawl Stone Soup version 0.30.1-11-g7821555f0a (webtiles) character file.

Game seed: 18420075470609510941

1582355 ratatoskos the Sorcerer (level 27, 243/243 HPs)
             Began as a White Draconian Fire Elementalist on Nov 13, 2023.
             Was the Champion of Vehumet.
             Escaped with the Orb
             ... and 3 runes on Nov 19, 2023!
             The game lasted 08:51:56 (84926 turns).

ratatoskos the Sorcerer (DrFE)                     Turns: 84926, Time: 08:51:56

Health: 243/243    AC: 20    Str: 14    XL:     27
Magic:  48/48      EV: 23    Int: 26    God:    Vehumet [******]
Gold:   5419       SH: 21    Dex: 22    Spells: 7/68 levels left

rFire   + + +        c - staff of cold "Ewuubbi" {rC+ rCorr Dex+5}
rCold   + + +        N - +2 shield of Resistance {rF++ rC++ Will++}
rNeg    . . .        (body armour unavailable)
rPois   +            x - -1 hat "Rawoim Oteiw" {rCorr Dex+5 Stlth+}
rElec   +            H - +1 cloak of the Mind {Fly}
rCorr   +            o - +2 pair of gloves
SInv    +            n - +2 pair of boots
Will    +++++        P - amulet of Vitality {RegenMP++ Regen++}
Stlth   +            m - ring of Ojeppysm {rPois rF+ rCorr}
HPRegen 2.20/turn    F - ring of Midnight {rElec Will+ SInv}
MPRegen 1.11/turn

%: no passive effects
@: flying, hasted (expiring), very quick
A: breathe frost, AC +13, unfitting armour, cold resistance 1, cold-blooded,
large bone plates 1, deterioration 1, strong-willed 1, mutation resistance 1
0: Orb of Zot
}: 3/15 runes: decaying, serpentine, silver
a: Breathe Frost, Renounce Religion


You escaped.
You worshipped Vehumet.
Vehumet was exalted by your worship.
You visited 11 branches of the dungeon, and saw 51 of its levels.
You also visited: Ice Cave.

You collected 8740 gold pieces.
You spent 3321 gold pieces at shops.

Inventory:

Missiles
 e - 4 throwing nets
 s - 13 curare-tipped darts
Armour
 n - a +2 pair of boots (worn)
 o - a +2 pair of gloves (worn)
 x - the -1 hat "Rawoim Oteiw" (worn) {rCorr Dex+5 Stlth+}
   (You acquired it on level 2 of the Orcish Mines)

   Dex:       It affects your dexterity (+5).
   rCorr:     It protects you from acid and corrosion.
   Stlth:     It makes you more stealthy.
 H - the +1 cloak of the Mind (worn) {Fly}
   (You acquired it in an ice cave)

   Fly:       It grants you flight.
 N - the +2 shield of Resistance (worn) {rF++ rC++ Will++}
   (You found it on level 5 of the Vaults)

   rF:        It greatly protects you from fire.
   rC:        It greatly protects you from cold.
   Will:      It greatly increases your willpower.
Magical Staves
 c - the staff of cold "Ewuubbi" (weapon) {rC+ rCorr Dex+5}
   (You found it on level 3 of the Elven Halls)

   [staff of cold]

   Base accuracy: +5 Base damage: 5 Base attack delay: 1.2 This weapon's minimum
   attack delay (0.6) is reached at skill level 12.
   Dex:       It affects your dexterity (+5).
   rC:        It protects you from cold.
   rCorr:     It protects you from acid and corrosion.
   It falls into the 'Staves' category.
   It is a one-handed weapon.
Jewellery
 m - the ring of Ojeppysm (left hand) {rPois rF+ rCorr}
   (You bought it in a shop on level 2 of the Snake Pit)

   [ring of poison resistance]

   rF:        It protects you from fire.
   rPois:     It protects you from poison.
   rCorr:     It protects you from acid and corrosion.
 F - the ring of Midnight (right hand) {rElec Will+ SInv}
   (You found it on level 15 of the Dungeon)

   [ring of see invisible]

   rElec:     It insulates you from electricity.
   SInv:      It lets you see invisible.
   Will:      It increases your willpower.
 P - the amulet of Vitality (around neck) {RegenMP++ Regen++}
   (You acquired it in an ice cave)

   [amulet of magic regeneration]

   It increases your rate of magic regeneration.
   Regen:     It increases your rate of health regeneration.
Wands
 r - a wand of digging (9)
 z - a wand of quicksilver (13)
 D - a wand of charming (66)
 J - a wand of iceblast (34)
 R - a wand of mindburst (15)
Scrolls
 b - 20 scrolls of fog
 g - 16 scrolls of poison
 h - 5 scrolls of magic mapping
 k - 29 scrolls of teleportation
 l - 5 scrolls of blinking
 p - 6 scrolls of butterflies
 q - 9 scrolls of fear
 v - 5 scrolls of torment
 y - 8 scrolls of vulnerability
 A - 11 scrolls of immolation
 B - 2 scrolls of amnesia
 L - 2 scrolls of silence
Potions
 a - 4 potions of magic
 d - 16 potions of curing
 f - 8 potions of brilliance
 i - 2 potions of haste
 j - 12 potions of mutation
 t - 5 potions of heal wounds
 u - 5 potions of cancellation
 E - 10 potions of invisibility
 I - 6 potions of ambrosia
 O - 2 potions of resistance
Miscellaneous
 w - a condenser vane
 C - a phantom mirror
 K - a box of beasts
 V - a lightning rod (4/4)


   Skills:
 - Level 19.0 Fighting
 - Level 15.0 Dodging
 - Level 1.7 Stealth
 - Level 15.0 Shields
 - Level 21.0 Spellcasting
 + Level 16.2 Conjurations
 - Level 10.0 Hexes
 - Level 10.0 Necromancy
 - Level 10.0 Translocations
 - Level 10.0 Fire Magic
 - Level 19.2 Ice Magic
 - Level 5.0 Air Magic
 + Level 19.3 Earth Magic
 - Level 5.0 Poison Magic
 - Level 15.0 Evocations


You had 7 spell levels left.
You knew the following spells:

 Your Spells              Type           Power      Damage    Failure   Level
a - Lee's Rapid Deconstr  Erth           45%        3d22*     1%          5
b - Lehudib's Crystal Sp  Conj/Erth      44%        10d11     3%          8
c - Inner Flame           Hex/Fire       68%        N/A       1%          3
d - Hailstorm             Conj/Ice       100%       3d20      0%          3
e - Iskenderun's Mystic   Conj/Tloc      77%        2d15      1%          4
f - Flame Wave            Conj/Fire      77%        2d17      1%          4
g - Sticky Flame          Conj/Fire      77%        2d9       1%          4
h - Borgnjor's Vile Clut  Necr/Erth      40%        N/A       1%          5
i - Olgreb's Toxic Radia  Pois           52%        N/A       1%          4
j - Ozocubu's Refrigerat  Ice            56%        4d20      1%          7
k - Freezing Cloud        Conj/Ice/Air   49%        6-21      1%          5
l - Iron Shot             Conj/Erth      44%        9d9       1%          6
m - Ozocubu's Armour      Ice            100%       N/A       0%          3

Your spell library contained the following spells:

 Spells                   Type           Power      Damage    Failure   Level
 Ignition                 Fire           34%        3d10      54%         8
 Foxfire                  Conj/Fire      100%       2x1d9     0%          1
 Freeze                   Ice            100%       1d10      0%          1
 Magic Dart               Conj           100%       1d8       0%          1
 Sandblast                Erth           100%       2d20      0%          1
 Searing Ray              Conj           100%       2d8       0%          2
 Frozen Ramparts          Ice            100%       1d16      0%          3
 Stone Arrow              Conj/Erth      100%       3d13      0%          3
 Apportation              Tloc           100%       N/A       1%          1
 Necrotise                Necr           100%       1d9       1%          1
 Shock                    Conj/Air       100%       1d9       1%          1
 Sting                    Tmut/Pois      100%       1d8       1%          1
 Cigotuvi's Dreadful Rot  Necr/Pois/Air  100%       N/A       1%          2
 Passwall                 Tmut/Erth      55%        N/A       1%          2
 Poisonous Vapours        Pois/Air       100%       N/A       1%          2
 Scorch                   Fire           100%       2d9       1%          2
 Dazzling Flash           Conj/Hex       100%       N/A       1%          3
 Gell's Gravitas          Tloc           68%        N/A       1%          3
 Ignite Poison            Fire/Tmut/Pois 52%        N/A       1%          3
 Mephitic Cloud           Conj/Pois/Air  64%        N/A       1%          3
 Teleport Other           Tloc           68%        N/A       1%          3
 Vampiric Draining        Necr           68%        2d10      1%          3
 Vhi's Electric Charge    Tloc/Air       100%       N/A       1%          3
 Volatile Blastmotes      Fire/Tloc      100%       2d18      1%          3
 Animate Dead             Necr           68%        N/A       1%          4
 Fulminant Prism          Conj/Hex       38%        3d17      1%          4
 Agony                    Necr           68%        N/A       1%          5
 Arcjolt                  Conj/Air       35%        1d45      1%          5
 Irradiate                Conj/Tmut      31%        3d22      1%          5
 Iskenderun's Battlesphe  Conj           84%        2d13      1%          5
 Metabolic Englaciation   Hex/Ice        50%        N/A       1%          5
 Simulacrum               Ice/Necr       50%        N/A       1%          6
 Summon Small Mammal      Summ           100%       N/A       2%          1
 Yara's Violent Unravell  Hex/Tmut       26%        3d11      2%          5
 Silence                  Hex/Air        30%        N/A       3%          5
 Plasma Beam              Fire/Air       30%        2x1d47    5%          6
 Death Channel            Necr           34%        N/A       7%          6
 Dispersal                Tloc           34%        N/A       7%          6
 Call Canine Familiar     Summ           27%        N/A       8%          3
 Summon Lightning Spire   Summ/Air       40%        N/A       10%         4
 Spellforged Servitor     Conj/Summ      31%        N/A       21%         7
 Alistair's Intoxication  Tmut/Pois      26%        N/A       26%         5
 Eringya's Noxious Bog    Tmut/Pois      20%        N/A       34%         6
 Enfeeble                 Hex            34%        N/A       36%         7
 Blade Hands              Tmut           13%        N/A       58%         5
 Haunt                    Necr/Summ      26%        N/A       96%         7
 Dragon Form              Tmut           13%        N/A       100%        7
 Storm Form               Tmut/Air       20%        N/A       100%        7
 Maxwell's Capacitive Co  Air            26%        ∞         99%         8
 Necromutation            Tmut/Necr      26%        N/A       100%        8
 Death's Door             Necr           34%        N/A       100%        9


Dungeon Overview and Level Annotations

Branches:
Dungeon (15/15)            Temple (1/1) D:4            Lair (5/5) D:11
  Swamp (4/4) Lair:2        Snake (4/4) Lair:2        Slime (0/5) Lair:4
    Orc (2/2) D:10            Elf (3/3) Orc:2        Vaults (5/5) D:13
  Crypt (3/3) Vaults:2       Tomb (0/3) Crypt:3      Depths (4/4) D:15
    Zot (5/5) Depths:4      IceCv (visited)

Altars:
Ashenzari
Cheibriados
Dithmenos
Elyvilon
Fedhas
Gozag
Hepliaklqana
Kikubaaqudgha
Makhleb
Nemelex Xobeh
Okawaru
Qazlal
Ru
Sif Muna
Trog
Uskayaw
Vehumet
Wu Jian
Xom
Yredelemnul
Zin
The Shining One
Lugonu

Shops:
D:1 [   D:4 (*   D:5 !:=?   D:6 =   D:9 ([   D:15 (   Orc:2 ?([:   Elf:3 [
Snake:2 =:=   Vaults:2 *   Depths:2 *

Portals:
Hell: Depths:1 Depths:2 Depths:3 Depths:4
Abyss: Depths:1 Depths:2 Depths:3
Pandemonium: Depths:2
Ziggurat: Depths:4


Innate Abilities, Weirdness & Mutations

You can breathe waves of freezing cold which knock back foes.
Your icy white scales are hard. (AC +13)
You cannot fit into any form of body armour.
Your flesh is cold resistant. (rC+)
You are cold-blooded and may be slowed by cold attacks.
You are partially covered in large bone plates. (SH +4)
Your body sometimes deteriorates upon taking damage.
You are strong-willed. (Will+)
You are somewhat resistant to further mutation.


Message History

There is an open door here.
The zombie hands constrict Seuciacy!
Seuciacy struggles to escape constriction.
The zombie hands lose their grip on something.
Casting: Borgnjor's Vile Clutch (mildly dangerous; 1% risk of failure)
Confirm with . or Enter, or press ? or * to list all spells.
Okay, then.
The iron shot hits the Executioner!!!
You kill the Executioner!
Vehumet accepts your kill.
Unknown command.
You reach down and open the door.
There is an open door here.
There is an open door here.
Which direction?
You reach down and close the door.
There is an open door here.
There is an open door here.
HP restored.
There is an open door here.
Aiming: Dig
Press: ? - help, Q - select action, (/) - cycle Shift-Dir - straight line A rock wall.
This square is covered in magical glow.
The rock shatters into small pieces.
Casting: Iron Shot (mildly dangerous; 1% risk of failure)
Confirm with . or Enter, or press ? or * to list all spells.
You can't see any susceptible monsters within range! (Use Z to cast anyway.) Unknown command.
As you read the scroll of fog, it crumbles to dust.
The scroll dissolves into smoke.
Your extra speed is starting to run out.
Aiming: Dig
Press: ? - help, Q - select action, (/) - cycle Shift-Dir - straight line A rock wall.
This square is covered in magical glow.
The rock shatters into small pieces.
There is a staircase leading out of the dungeon here.
Magic courses through your body.
You have escaped!

....#.#
#..#.#.#.#.####.####.....
....#.####.#.#.#.#.# #.##
#.....
....#......#.....#.# #..#
##'##.
########.#####.###.# ##.#
#.##. ##.####.....####.##
#.##. ##...####.##...##
#.##.
###...##....########.###
##..(....##...........
###.@.####.######..##
##.......##.....#.....
###...##....#####.#.#.##
##...####.##...###.#.....
##.####..#.#####.##.#.#...
#.##.......# ##.#.#.####
#.....#.##&######...#.....
#####.#..§§§§§§.....######
#.####§§§§§######


You could see Seuciacy.

Vanquished Creatures
  8 orbs of fire
  3 dread liches
  9 ancient liches
  Sojobo (Depths:4)
  Vv (Crypt:2)
  3 Killer Klowns
  Frederick (Crypt:2)
  Margery (Depths:4)
  4 curse toes
  2 caustic shrikes (Depths:3)
  Jory (Crypt:2)
  12 golden dragons
  the Enchantress (Depths:4)
  3 bone dragons
  2 doom hounds (Zot:2)
  5 electric golems
  23 tentacled monstrosities
  27 Orb Guardians
  2 deep elf blademasters
  3 liches
  8 titans
  The ghost of Yklao the Ninja, a veteran FeEn of Elyvilon (Zot:3)
  A walking frostbound tome (Depths:3)
  2 deep elf master archers (Elf:3)
  Grunn (Zot:2)
  A walking divine tome (Depths:3)
  12 quicksilver dragons
  13 death cobs
  5 ancient champions
  9 sphinxes
  2 Executioners
  17 storm dragons
  Kirke (Lair:3)
  4 nagarajas
  12 shadow dragons
  5 revenants
  A daeva (Depths:4)
  10 tengu reavers
  5 draconian knights
  5 draconian monks
  2 fenstrider witches (Swamp:4)
  A spectral caustic shrike (Crypt:3)
  12 frost giants
  5 fire giants
  8 draconian scorchers
  A juggernaut zombie (Depths:3)
  Louise (Depths:2)
  18 ghouls
  20 vault wardens
  13 deep elf sorcerers
  2 ghost moths
  Aizul (Vaults:4)
  4 deep elf elementalists
  2 iron dragons
  2 orc warlords (Vaults:1)
  4 draconian annihilators
  A demonspawn corrupter (D:1)
  4 curse skulls
  6 draconian shifters
  8 spriggan defenders
  3 cacodemons (Zot:3)
  24 ironbound preservers
  A demonspawn blood saint (D:5)
  5 ironbound thunderhulks
  The ghost of ghwc the Severer, a journeyman GrCA of Makhleb (Orc:2)
  13 green draconians
  5 draconian stormcallers
  8 vampire knights
  13 black draconians
  The ghost of Joles the Severer, a journeyman MiBe of Trog (Orc:1)
  31 very ugly things
  16 stone giants
  An eleionoma (Swamp:2)
  3 deep elf demonologists (Elf:3)
  19 red draconians
  14 white draconians
  13 purple draconians
  6 bunyips
  13 dire elephants
  A demonspawn black sun (D:5)
  10 deep elf annihilators (Elf:3)
  8 yellow draconians
  6 spark wasps
  The ghost of ioannis32 the Cleaver, a journeyman DsBe of Trog (D:12)
  7 deep elf death magi
  5 eidola
  13 ettins
  3 great orbs of eyes
  A spriggan zombie (Crypt:1)
  14 yaktaur captains
  7 fire dragons
  3 shambling mangroves
  6 jiangshi
  A spectral spriggan (Crypt:3)
  Josephine (D:11)
  11 deep elf high priests
  3 peacekeepers
  3 rakshasas
  An entropy weaver (shapeshifter) (Elf:3)
  3 entropy weavers
  3 salamander tyrants (Snake:4)
  6 spriggan air magi
  2 hell beasts (Depths:2)
  36 vault guards
  7 hydras
  5 ice dragons
  A catoblepas (Lair:5)
  4 death knights
  8 anacondas
  3 centaur warriors
  34 dancing weapons
  16 death yaks
  7 deep troll earth magi
  3 ghost crabs
  12 ironbound frosthearts
  8 alligators
  6 boulder beetles
  8 deep troll shamans
  6 tengu warriors
  8 naga warriors
  7 spriggan berserkers
  9 two-headed ogres
  Urug (Lair:3)
  A spectral dire elephant (Crypt:3)
  19 deep elf knights
  15 naga sharpshooters
  An orc high priest (Orc:1)
  A sun demon (D:15)
  4 shock serpents
  3 soul eaters
  7 vampire magi
  2 shock serpents (shapeshifter)
  7 hell knights
  Sonja (Lair:3)
  5 goliath frogs
  15 shadow wraiths (Crypt:3)
  A skyshark (Lair:5)
  22 skeletal warriors
  A spectral death yak (Lair:5)
  9 iron trolls
  A quicksilver dragon simulacrum (Depths:2)
  4 salamander mystics
  A spectral bunyip (Crypt:3)
  A spectral anaconda (Lair:5)
  2 storm dragon skeletons
  54 deep trolls
  7 spriggan druids
  4 naga ritualists
  A death drake (Swamp:4)
  20 ironbound convokers
  10 bog bodies
  A shadow demon (D:1)
  6 glowing orange brains
  6 swamp dragons
  12 flayed ghosts
  Pikel (D:4)
  An orange crystal statue (Crypt:2)
  15 deep elf archers
  10 lindwurms
  2 spectral hydras (Swamp:4)
  25 deep elf pyromancers
  An obsidian statue (Lair:5)
  37 phantasmal warriors
  8 wizards
  A goliath frog zombie (Crypt:1)
  An iron dragon zombie (Crypt:1)
  13 orc knights
  6 harpies
  5 will-o-the-wisps
  10 necromancers
  A wolf spider (Vaults:4)
  25 deep elf zephyrmancers
  3 mana vipers
  36 ugly things
  A salamander (shapeshifter) (Elf:2)
  6 manticores
  25 salamanders
  7 orc sorcerers
  3 cyclopes
  36 elephants
  23 moths of wrath
  Joseph (D:9)
  2 guardian serpents
  39 vault sentinels
  2 smoke demons (Depths:4)
  33 black mambas
  10 naga magi
  An ice statue (IceCv)
  3 frost giant skeletons
  20 cane toads
  A torpor snail (Lair:1)
  2 unseen horrors (D:12)
  10 centaur skeletons (D:11)
  A dire elephant skeleton (Lair:5)
  An iron troll zombie (Crypt:2)
  An orb spider zombie (Crypt:3)
  4 swamp worm zombies (Swamp:4)
  A hellion (Depths:4)
  27 yaktaurs
  An efreet (D:14)
  A yaktaur (shapeshifter) (Depths:3)
  2 tormentors
  10 rime drakes
  12 komodo dragons
  8 freezing wraiths
  7 tengu conjurers
  2 ice devils (Lair:3)
  3 kobold demonologists (D:12)
  3 hydra zombies (Swamp:4)
  A golden dragon simulacrum (Depths:3)
  A polar bear (shapeshifter) (D:15)
  8 tyrant leeches
  A pale draconian skeleton (Crypt:2)
  10 blink frogs
  6 polar bears
  A meliai (shapeshifter) (Depths:3)
  9 trolls
  A hornet (shapeshifter) (Depths:3)
  7 bloated husks
  2 queen bees (shapeshifter)
  6 meliai (D:14)
  4 dream sheep (Lair:4)
  32 hornets
  A satyr zombie (Crypt:3)
  3 spectral swamp dragons (Swamp:4)
  23 slime creatures
  A jumping spider zombie (Crypt:1)
  2 spectral elephants
  3 alligator zombies (Swamp:4)
  A great orb of eyes zombie (Crypt:2)
  A slime creature (shapeshifter) (Vaults:5)
  An air elemental (Elf:3)
  A culicivora (Vaults:5)
  A spriggan skeleton (Depths:1)
  13 flying skulls
  12 shadows
  A vampire (D:10)
  8 water elementals
  An ettin skeleton (Depths:1)
  19 wraiths
  73 yaks
  23 spriggans
  3 hogs (Lair:3)
  A yak (shapeshifter) (Depths:4)
  A fire elemental (Elf:1)
  5 basilisks
  A large abomination (Zot:5)
  5 wyverns
  A spectral komodo dragon (Lair:2)
  A chaos spawn (D:3)
  2 steam dragons
  A basilisk (shapeshifter) (Vaults:5)
  5 vampire mosquitoes
  2 redbacks (Vaults:5)
  A spriggan simulacrum (Depths:1)
  A fire bat zombie (Crypt:1)
  A glowing shapeshifter zombie (Depths:3)
  12 wargs
  14 swamp worms
  A spectral cane toad (Lair:5)
  42 nagas
  4 acid dragons
  A naga zombie (Crypt:1)
  A demonspawn zombie (Crypt:2)
  A floating eye (shapeshifter) (D:15)
  12 water moccasins
  An elephant zombie (Lair:5)
  A blink frog zombie (Crypt:2)
  20 orc warriors
  3 swamp drakes
  A manticore zombie (Crypt:2)
  2 sky beasts
  2 black bears
  4 ice beasts
  6 boggarts
  4 swamp dragon zombies (Swamp:4)
  13 centaurs
  3 ogres
  A dream sheep skeleton (Crypt:3)
  24 wolves
  A centaur (shapeshifter) (Vaults:2)
  3 elephant skeletons (Lair:5)
  5 phantoms (Swamp:4)
  13 kobold brigands
  A vine stalker zombie (Crypt:2)
  11 bullfrogs
  2 wyvern zombies
  4 earth elementals
  4 necrophages
  A gnoll sergeant (D:7)
  2 spectral water moccasins (Lair:2)
  3 scorpions
  20 wights
  A hornet simulacrum (D:15)
  A water moccasin zombie (D:7)
  20 killer bees
  An elephant simulacrum (Lair:5)
  2 yak skeletons
  13 electric eels
  6 howler monkeys
  5 lava snakes
  12 centaur zombies
  3 bullfrog zombies (D:7)
  A gnoll bouda (D:8)
  13 orc priests
  A basilisk skeleton (Crypt:2)
  A bullfrog skeleton (Crypt:3)
  3 sleepcaps
  Jessica (D:3)
  Ijyb (D:4)
  A boggart zombie (Crypt:3)
  Natasha (thrice) (D:2)
  An iguana (D:6)
  58 orc wizards
  2 spectral swamp drakes (Swamp:4)
  Terence (D:2)
  3 killer bee zombies (D:7)
  A tengu skeleton (Crypt:1)
  A hound skeleton (Crypt:3)
  A howler monkey zombie (D:7)
  Robin (D:2)
  14 gnolls
  9 adders
  A swamp drake zombie (Swamp:4)
  2 shadow imps (D:6)
  A white imp (D:5)
  An iguana skeleton (Crypt:1)
  An iguana zombie (Crypt:2)
  2 worms
  3 dart slugs
  117 orcs
  2 ball pythons
  7 endoplasms
  6 giant cockroaches
  13 goblins
  8 hobgoblins
  4 jackals (D:4)
  5 quokkas
  A bat (D:2)
  3 frilled lizards
  21 kobolds
  2 quokka skeletons
  7 rats
  A butterfly (Lair:1)
2534 creatures vanquished.

Vanquished Creatures (collateral kills)
  A stone giant (Depths:2)
  A yaktaur captain (Vaults:4)
  A naga sharpshooter (Snake:1)
  A naga ritualist (Snake:1)
  A mana viper (Snake:1)
  A slime creature (Vaults:4)
  3 nagas (Snake:1)
  5 foxfires
14 creatures vanquished.

Vanquished Creatures (others)
  A draconian knight (Zot:2)
  A frost giant (Vaults:4)
  An anaconda (Snake:1)
  2 dancing weapons
  A goliath frog (Swamp:3)
  A phantasmal warrior (Swamp:4)
  A vault sentinel (Vaults:3)
  2 bloated husks (Swamp:4)
  A hornet (Swamp:1)
  2 slime creatures (Vaults:4)
  An orc warrior (Orc:1)
  A kobold brigand (D:10)
  A bullfrog (Lair:3)
  An orc wizard (Orc:2)
  An orc (Orc:1)
  1239 foxfires
1257 creatures vanquished.

Grand Total: 3805 creatures vanquished

Notes
Turn   | Place    | Note
-------+----------+-------------------------------------------
     0 | D:1      | ratatoskos the Draconian Fire Elementalist began the quest
                  | for the Orb.
     0 | D:1      | Reached XP level 1. HP: 14/14 MP: 3/3
    90 | D:1      | Found Culaxis's Antique Armour Boutique.
   707 | D:1      | Reached XP level 2. HP: 20/20 MP: 1/5
  1384 | D:2      | Noticed Natasha
  1534 | D:2      | Killed Natasha
  1535 | D:2      | Reached XP level 3. HP: 25/26 MP: 0/6
  1646 | D:2      | Reached XP level 4. HP: 33/33 MP: 2/7
  1780 | D:2      | Learned a level 2 spell: Scorch
  1784 | D:2      | Learned a level 3 spell: Inner Flame
  1787 | D:2      | Noticed Terence
  1805 | D:2      | Killed Terence
  1812 | D:2      | HP: 1/33 [dart slug/slug dart (5)]
  2151 | D:2      | Found a faded altar of an unknown god.
  2164 | D:2      | Identified the +9 mace "Ureavats" {heavy, Drain Will+++
                  | MP+9}
  2351 | D:2      | Noticed Robin
  2378 | D:2      | Killed Robin
  2379 | D:2      | Reached XP level 5. HP: 35/38 MP: 8/8
  2521 | D:2      | Noticed Natasha
  2525 | D:2      | Killed Natasha
  2645 | D:2      | Noticed Natasha
  2649 | D:2      | Killed Natasha
  2840 | D:2      | Learned a level 2 spell: Poisonous Vapours
  2945 | D:3      | Reached skill level 5 in Fire Magic
  3270 | D:3      | Found a shimmering altar of Xom.
  3361 | D:3      | Noticed an ice beast
  3374 | D:3      | Killed an ice beast
  3375 | D:3      | Reached XP level 6. HP: 21/45 MP: 5/9
  3706 | D:3      | Found a basalt altar of Yredelemnul.
  3733 | D:3      | Noticed Jessica
  3738 | D:3      | Killed Jessica
  3739 | D:3      | Reached skill level 1 in Air Magic
  3739 | D:3      | Reached skill level 1 in Poison Magic
  3764 | D:3      | Found a shimmering blue altar of Sif Muna.
  3870 | D:3      | Reached skill level 1 in Hexes
  4083 | D:4      | Found Eheg's General Store.
  4114 | D:4      | Bought a scroll of fog for 56 gold pieces
  4493 | D:4      | Noticed Ijyb
  4497 | D:4      | Killed Ijyb
  4498 | D:4      | Your scales start taking on an icy white colour.
  4498 | D:4      | Reached XP level 7. HP: 39/50 MP: 10/10
  4498 | D:4      | Gained mutation: Your flesh is cold resistant. (rC+) [White
                  | Draconian growth]
  4824 | D:4      | Found a stormy altar of Qazlal.
  4860 | D:4      | Found Buyqoeki's Antique Weapon Emporium.
  4891 | D:4      | Reached skill level 5 in Fire Magic
  5235 | D:4      | Found a staircase to the Ecumenical Temple.
  5253 | Temple   | Entered the Ecumenical Temple
  5485 | Temple   | Became a worshipper of Vehumet
  5750 | D:5      | Entered Level 5 of the Dungeon
  6056 | D:5      | Reached skill level 3 in Spellcasting
  6056 | D:5      | Reached XP level 8. HP: 57/57 MP: 12/12
  6115 | D:5      | Found Jiruvy's Jewellery Shoppe.
  6360 | D:5      | Found Qepnivai's Distillery.
  6365 | D:5      | Bought a potion of heal wounds for 75 gold pieces
  6365 | D:5      | Bought a potion of lignification for 45 gold pieces
  6652 | D:5      | Found Vuikifep's Book Shop.
  6799 | D:5      | Found Tyhain's Magic Scroll Emporium.
  6807 | D:5      | Bought a scroll of identify for 30 gold pieces
  6807 | D:5      | Bought a scroll of fear for 60 gold pieces
  6807 | D:5      | Bought a scroll of identify for 30 gold pieces
  6807 | D:5      | Bought a scroll of identify for 30 gold pieces
  6807 | D:5      | Bought a scroll of teleportation for 45 gold pieces
  6884 | D:6      | Noticed Pikel
  7053 | D:4      | Killed Pikel
  7290 | D:6      | Found Viosoxumose's Jewellery Emporium.
  7556 | D:6      | Reached XP level 9. HP: 62/62 MP: 14/14
  7564 | D:6      | Reached * piety under Vehumet
  7564 | D:6      | Offered knowledge of Sandblast by Vehumet.
  7650 | D:6      | HP: 3/62 [spore (41)]
  7866 | D:6      | Reached skill level 4 in Spellcasting
  7910 | D:6      | Found an ornate altar of the Wu Jian Council.
  8110 | D:6      | Found an ancient bone altar of Kikubaaqudgha.
  8818 | D:6      | Reached skill level 5 in Dodging
  9520 | D:7      | Offered knowledge of Shock by Vehumet.
  9570 | D:7      | Reached ** piety under Vehumet
  9622 | D:7      | Learned a level 1 spell: Shock
  9627 | D:7      | Learned a level 4 spell: Flame Wave
  9765 | D:7      | Reached skill level 1 in Fighting
  9767 | D:7      | Reached skill level 5 in Poison Magic
  9778 | D:7      | Reached skill level 5 in Air Magic
  9779 | D:7      | Reached skill level 5 in Spellcasting
 10045 | D:7      | Reached XP level 10. HP: 73/73 MP: 17/17
 10442 | D:7      | Offered knowledge of Ignite Poison by Vehumet.
 10812 | D:8      | Found a sparkling altar of Nemelex Xobeh.
 10855 | D:8      | Reached *** piety under Vehumet
 12173 | D:8      | Offered knowledge of Airstrike by Vehumet.
 12178 | D:8      | Reached skill level 5 in Fighting
 12400 | D:9      | Found Xugg's Antique Armour Boutique.
 12452 | D:9      | Found a glowing golden altar of the Shining One.
 12960 | D:9      | Identified the +3 trident "Wuvu Tio" {pain, Dex+2}
 13049 | D:9      | Reached **** piety under Vehumet
 13193 | D:9      | Found Cire's Weapon Emporium.
 13213 | D:9      | Noticed Joseph
 13221 | D:9      | Killed Joseph
 13222 | D:9      | Reached XP level 11. HP: 55/89 MP: 18/18
 13325 | D:9      | Found a bloodstained altar of Trog.
 13333 | D:9      | Found a sacrificial altar of Ru.
 13340 | D:9      | Found a hazy altar of Hepliaklqana.
 13601 | D:10     | Entered Level 10 of the Dungeon
 13629 | D:10     | Offered knowledge of Sticky Flame by Vehumet.
 13636 | D:10     | Learned a level 4 spell: Sticky Flame
 13690 | D:10     | Noticed a two-headed ogre
 13696 | D:10     | Killed a two-headed ogre
 13729 | D:10     | Reached skill level 10 in Fire Magic
 14066 | D:10     | Noticed a two-headed ogre
 14076 | D:10     | Noticed a boulder beetle
 14079 | D:10     | Killed a two-headed ogre
 14094 | D:10     | Killed a boulder beetle
 14095 | D:10     | Reached skill level 6 in Spellcasting
 15053 | D:10     | Reached skill level 7 in Spellcasting
 15238 | D:10     | Noticed a two-headed ogre
 15248 | D:10     | Killed a two-headed ogre
 15522 | D:10     | Found a blossoming altar of Fedhas.
 15920 | D:10     | Noticed a brown ugly thing
 15924 | D:10     | Killed a brown ugly thing
 15971 | D:10     | Found a staircase to the Orcish Mines.
 15983 | D:10     | Noticed a two-headed ogre
 15998 | D:10     | Killed a two-headed ogre
 15999 | D:10     | Reached XP level 12. HP: 106/106 MP: 23/23
 16048 | D:10     | Reached skill level 8 in Spellcasting
 16574 | D:10     | Reached skill level 10 in Fighting
 17738 | D:11     | Found a staircase to the Lair.
 17869 | D:11     | Reached skill level 9 in Spellcasting
 17939 | D:11     | Reached ***** piety under Vehumet
 17944 | D:11     | Offered knowledge of Iron Shot by Vehumet.
 18496 | D:11     | Noticed Josephine
 18503 | D:11     | Killed Josephine
 18504 | D:11     | Reached skill level 10 in Spellcasting
 18762 | D:11     | Reached XP level 13. HP: 106/119 MP: 27/27
 19609 | Lair:1   | Entered Level 1 of the Lair of Beasts
 19915 | Lair:1   | Reached skill level 11 in Spellcasting
 20492 | Lair:1   | Found a burning altar of Makhleb.
 20971 | D:5      | Bought a book of Unlife for 540 gold pieces
 20977 | D:5      | Learned a level 5 spell: Borgnjor's Vile Clutch
 21174 | Lair:2   | Reached skill level 1 in Necromancy
 21174 | Lair:2   | Reached skill level 1 in Earth Magic
 21373 | Lair:2   | Found a staircase to the Snake Pit.
 22376 | Lair:2   | Reached skill level 5 in Earth Magic
 22467 | Lair:2   | Reached skill level 5 in Necromancy
 22484 | Lair:2   | Found a staircase to the Swamp.
 23464 | Lair:3   | Identified the +2 whip "Uxuihosk" {flame, Int+3}
 23502 | Lair:3   | Noticed Urug
 23508 | Lair:3   | Killed Urug
 23699 | Lair:3   | Noticed Sonja
 23705 | Lair:3   | Killed Sonja
 23706 | Lair:3   | Reached XP level 14. HP: 132/132 MP: 29/29
 23714 | Lair:3   | Offered knowledge of Iskenderun's Mystic Blast by Vehumet.
 23775 | Lair:3   | Noticed Kirke
 23783 | Lair:3   | Killed Kirke
 23913 | Lair:3   | Found a frozen archway.
 23961 | IceCv    | Entered an ice cave
 24903 | IceCv    | Identified 2 scrolls of acquirement
 24908 | IceCv    | Acquired the amulet of Vitality {RegenMP++ Regen++}
 24908 | IceCv    | Found the amulet of Vitality {RegenMP++ Regen++}
 24946 | IceCv    | Acquired the +1 cloak of the Mind {Fly}
 24957 | IceCv    | Noticed a frost giant
 24976 | IceCv    | Killed a frost giant
 25643 | Lair:3   | Learned a level 4 spell: Iskenderun's Mystic Blast
 27528 | Lair:4   | Learned a level 4 spell: Olgreb's Toxic Radiance
 27573 | Lair:4   | Found a staircase to the Slime Pits.
 27838 | Lair:4   | Identified the ring "Awaamin" {Wiz rPois rC+ rN+ Slay-6}
 28039 | Lair:5   | Entered Level 5 of the Lair of Beasts
 28238 | Lair:5   | Reached XP level 15. HP: 123/138 MP: 30/30
 28455 | Lair:5   | Offered knowledge of Starburst by Vehumet.
 28635 | Lair:5   | Reached skill level 10 in Earth Magic
 28636 | Lair:5   | Reached skill level 10 in Necromancy
 28636 | Lair:5   | Reached skill level 1 in Evocations
 29747 | Lair:5   | Reached skill level 5 in Evocations
 29872 | Lair:5   | Reached skill level 1 in Translocations
 30917 | D:12     | Found a runed translucent gate.
 30918 | D:12     | Found a runed translucent gate.
 30919 | D:12     | Found a runed translucent gate.
 30921 | D:12     | Noticed ioannis32's ghost (journeyman DsBe)
 31115 | D:12     | Identified the -1 pair of gloves of Duty {Harm rC+ Will+}
 31301 | D:12     | Identified the +1 chain mail "Xade" {rElec Stlth+}
 31397 | D:12     | Offered knowledge of Orb of Destruction by Vehumet.
 31406 | D:12     | Killed ioannis32's ghost
 31415 | D:12     | Reached skill level 5 in Translocations
 31603 | D:9      | Bought a pair of embroidered gloves for 165 gold pieces
 31903 | D:13     | Identified the +3 leather armour of the Final Nightingales
                  | {Regen+ Dex+3 Stlth-}
 31912 | D:13     | Found a gate to the Vaults.
 32439 | D:13     | Found a transporter.
 32449 | D:13     | Found a transporter.
 32488 | D:13     | Found a transporter.
 32497 | D:13     | Found a transporter.
 33262 | D:14     | Reached XP level 16. HP: 146/146 MP: 31/31
 33409 | D:14     | Found a sparkling altar of Nemelex Xobeh.
 33748 | D:15     | Entered Level 15 of the Dungeon
 33846 | D:15     | Found a staircase to the Depths.
 34209 | D:15     | Found Qutwura's Antique Weapon Emporium.
 34309 | D:15     | Identified the ring of Midnight {rElec Will+ SInv}
 34664 | D:15     | Offered knowledge of Yara's Violent Unravelling by Vehumet.
 35219 | D:15     | Identified the +8 flail "Hanezoebb" {heavy, Str+4 Dex+4}
 35264 | D:15     | Found an opulent altar of Gozag.
 35425 | Orc:1    | Entered Level 1 of the Orcish Mines
 35541 | Orc:1    | Noticed Joles's ghost (journeyman MiBe)
 35543 | Orc:1    | Identified the +0 dire flail "Bymuaxeak" {freeze, Stlth+}
 35651 | Orc:1    | Found a transporter.
 35651 | Orc:1    | Found a transporter.
 36086 | Orc:1    | Killed Joles's ghost
 36086 | Orc:1    | Offered knowledge of Spellforged Servitor by Vehumet.
 36321 | Orc:2    | Entered Level 2 of the Orcish Mines
 36321 | Orc:2    | Noticed ghwc's ghost (journeyman GrCA)
 36321 | Orc:2    | Found a runed translucent door.
 36416 | Orc:2    | Found a staircase to the Elven Halls.
 36654 | Orc:2    | Found Nougu's Antique Weapon Emporium.
 36654 | Orc:2    | Found Feenkomm's Magic Scroll Boutique.
 36748 | Orc:2    | Reached skill level 10 in Translocations
 36842 | Orc:2    | Found Xogririr's Book Emporium.
 36842 | Orc:2    | Found Boihasu's Antique Armour Boutique.
 36866 | Orc:2    | Learned a level 3 spell: Hailstorm
 36986 | Orc:2    | Bought a scroll of blinking for 120 gold pieces
 36986 | Orc:2    | Bought a scroll of identify for 32 gold pieces
 36989 | Orc:2    | Bought a scroll of acquirement for 832 gold pieces
 36995 | Orc:2    | Acquired the -1 hat "Rawoim Oteiw" {rCorr Dex+5 Stlth+}
 37219 | Snake:1  | Entered Level 1 of the Snake Pit
 37230 | Snake:1  | Reached skill level 1 in Ice Magic
 37307 | Snake:1  | Offered knowledge of Ozocubu's Refrigeration by Vehumet.
 37328 | Snake:1  | Learned a level 7 spell: Ozocubu's Refrigeration
 37467 | Snake:1  | Reached skill level 5 in Ice Magic
 37544 | Snake:1  | Reached skill level 5 in Conjurations
 38573 | Snake:2  | Found a sacrificial altar of Ru.
 38659 | Snake:2  | Reached XP level 17. HP: 152/152 MP: 15/32
 38900 | Snake:2  | Found Kiahub's Jewellery Emporium.
 38900 | Snake:2  | Found Atiep's Book Boutique.
 38901 | Snake:2  | Found Abbidek's Jewellery Emporium.
 39043 | Snake:2  | Identified the +4 dagger of Intuition {antimagic, rN+}
 39186 | Snake:3  | Reached skill level 10 in Ice Magic
 39456 | Snake:3  | Acquired the staff of poison "Yjios" {rElec rPois rCorr
                  | Str+5}
 39570 | Snake:3  | Reached ****** piety under Vehumet
 39996 | Swamp:1  | Entered Level 1 of the Swamp
 40082 | Swamp:1  | Offered knowledge of Lehudib's Crystal Spear by Vehumet.
 40082 | Swamp:1  | Offered knowledge of Ignition by Vehumet.
 40082 | Swamp:1  | Offered knowledge of Maxwell's Capacitive Coupling by
                  | Vehumet.
 40346 | Swamp:1  | Identified the ring of Ogaggigu {*Slow rPois rF+ Str+3
                  | SInv}
 41841 | Swamp:3  | Reached skill level 15 in Ice Magic
 42283 | Swamp:4  | Entered Level 4 of the Swamp
 42642 | Swamp:4  | Reached skill level 1 in Shields
 43153 | Swamp:4  | Reached XP level 18. HP: 156/160 MP: 33/33
 43376 | Swamp:4  | Noticed a bone dragon
 43399 | Swamp:4  | Killed a bone dragon
 43582 | Swamp:4  | Got a decaying rune of Zot
 43834 | Snake:4  | Entered Level 4 of the Snake Pit
 43850 | Snake:4  | Reached skill level 5 in Shields
 44261 | Snake:4  | Reached XP level 19. HP: 167/167 MP: 34/34
 45459 | Snake:4  | Got a serpentine rune of Zot
 45732 | Orc:2    | Killed ghwc's ghost
 45741 | Orc:2    | Identified the +9 chain mail "Baeruril" {rN+ Will++ Slay+4}
 45856 | Vaults:1 | Entered Level 1 of the Vaults
 46945 | Vaults:1 | Reached skill level 12 in Spellcasting
 47866 | Vaults:1 | Reached skill level 10 in Dodging
 48343 | Vaults:2 | Reached XP level 20. HP: 90/174 MP: 2/36
 48673 | Vaults:2 | Found Ottocoth's Assorted Antiques.
 48773 | Vaults:2 | Reached skill level 13 in Spellcasting
 49710 | Vaults:2 | Found a staircase to the Crypt.
 51111 | Vaults:3 | Reached skill level 5 in Hexes
 52659 | Vaults:4 | Reached XP level 21. HP: 181/181 MP: 38/38
 52660 | Vaults:4 | Reached skill level 14 in Spellcasting
 52671 | Vaults:4 | Noticed Aizul
 52691 | Vaults:4 | Killed Aizul
 53235 | Vaults:4 | Reached skill level 10 in Conjurations
 54698 | Elf:1    | Entered Level 1 of the Elven Halls
 54880 | Elf:1    | Found a transporter.
 54886 | Elf:1    | Found a transporter.
 55074 | Elf:1    | Identified the +0 rapier "Keeraj" {heavy, rCorr SInv}
 55547 | Elf:1    | Found a transporter.
 55553 | Elf:1    | Found a transporter.
 55560 | Elf:1    | Found a transporter.
 55560 | Elf:1    | Found a transporter.
 55873 | Elf:2    | Found a runed translucent gate.
 55875 | Elf:2    | Found a runed translucent gate.
 55876 | Elf:2    | Found a runed translucent gate.
 56349 | Elf:2    | Found a corrupted altar of Lugonu.
 56358 | Elf:2    | Got the Octavo of Sparks and Contamination
 56876 | Elf:2    | Reached skill level 15 in Spellcasting
 57349 | Elf:3    | Entered Level 3 of the Elven Halls
 57350 | Elf:3    | Acquired 786 gold pieces
 57712 | Elf:3    | Found Wodytua's Antique Armour Emporium.
 58052 | Elf:3    | Reached XP level 22. HP: 176/189 MP: 41/41
 58348 | Elf:3    | Reached skill level 10 in Hexes
 59092 | Elf:3    | Reached skill level 16 in Spellcasting
 59150 | Elf:3    | Identified the amulet of the Firefly {Reflect Fly Slay+2
                  | SH+5}
 59413 | Elf:3    | Identified the +7 flail of Objectivity {venom, rPois rN+
                  | SInv Stlth-}
 59488 | Elf:3    | Identified the +4 long sword of Quanec {vamp, Drain Fly
                  | rN+++ Int-5}
 59532 | Elf:3    | Identified the ring "Zoc Utae" {Wiz rElec Int+3}
 59544 | Elf:3    | Got Jibenwah's Cyclopedia of the Other Side
 59597 | Elf:3    | Identified the staff of conjuration "Fuk Sae" {rC++}
 59617 | Elf:3    | Identified the staff of cold "Ewuubbi" {rC+ rCorr Dex+5}
 59619 | Elf:3    | Identified the ring "Fyofatus" {rElec rPois Will+}
 59623 | Elf:3    | Identified the +1 plate armour of Evolution {rC+ rN+}
 59639 | Elf:3    | Identified the staff of earth "Xudinoxt" {Int+2}
 59657 | Elf:3    | Learned a level 5 spell: Lee's Rapid Deconstruction
 60019 | Snake:2  | Bought the ring of Ojeppysm {rPois rF+ rCorr} for 673 gold
                  | pieces
 60233 | Depths:1 | Entered Level 1 of the Depths
 60260 | Depths:1 | Reached skill level 15 in Dodging
 60368 | Depths:1 | Found a gateway to Hell.
 60572 | Depths:1 | Found a one-way gate to the infinite horrors of the Abyss.
 60623 | Depths:1 | Found a blossoming altar of Fedhas.
 60711 | Depths:1 | Reached skill level 17 in Spellcasting
 61410 | Depths:2 | Found Gosuseop's Changing Room.
 61777 | Depths:2 | Reached XP level 23. HP: 197/198 MP: 33/44
 61967 | Depths:2 | Reached skill level 15 in Fighting
 62056 | Depths:2 | Noticed Louise
 62065 | Depths:2 | Killed Louise
 62430 | Depths:2 | Found a one-way gate leading to the halls of Pandemonium.
 62592 | Depths:2 | Learned a level 5 spell: Freezing Cloud
 62631 | Depths:3 | Reached skill level 10 in Evocations
 62700 | Depths:3 | Found a stormy altar of Qazlal.
 62849 | Depths:3 | Reached skill level 18 in Spellcasting
 62930 | Depths:3 | Identified the +0 leather armour "Pukoni" {Harm rF- Regen+}
 63322 | Depths:3 | Identified the amulet "Mutiafu" {Reflect rN+ Int+3 SH+5}
 63555 | Depths:3 | Identified the ring of Reniogg {rPois Int+6 Dex+2}
 63633 | Depths:3 | Noticed a caustic shrike
 63656 | Depths:3 | Killed a caustic shrike
 63839 | Depths:3 | Noticed a caustic shrike
 63865 | Depths:3 | Killed a caustic shrike
 63986 | Depths:3 | Identified the +6 chain mail of Fun and Games {rF+ Stlth+}
 64693 | Depths:4 | Entered Level 4 of the Depths
 64693 | Depths:4 | Noticed Margery
 64703 | Depths:4 | Noticed Sojobo
 64710 | Depths:4 | Killed Margery
 64711 | Depths:4 | Killed Sojobo
 65015 | Depths:4 | Found a one-way gateway to a ziggurat.
 65068 | Depths:4 | Noticed the Enchantress
 65073 | Depths:4 | Killed the Enchantress
 65085 | Depths:4 | Reached XP level 24. HP: 192/214 MP: 19/45
 65317 | Depths:4 | Reached skill level 19 in Spellcasting
 65487 | Depths:4 | Found a gate to the Realm of Zot.
 65639 | Depths:4 | Found a sacrificial altar of Ru.
 66185 | Crypt:1  | Entered Level 1 of the Crypt
 67175 | Crypt:2  | Noticed Frederick
 67187 | Crypt:2  | Killed Frederick
 67227 | Crypt:2  | Noticed Jory
 67263 | Crypt:2  | Killed Jory
 67776 | Crypt:2  | Identified the +3 dire flail of Indignation {protect,
                  | Dex+4}
 68271 | Crypt:2  | Noticed Vv
 68290 | Crypt:2  | Killed Vv
 68614 | Crypt:3  | Entered Level 3 of the Crypt
 68631 | Crypt:3  | Reached skill level 20 in Spellcasting
 69351 | Crypt:3  | Identified the +2 great mace "Qotenu" {flame, Will+ MP+9}
 69437 | Crypt:3  | Identified the +4 short sword of the Narrow God {heavy,
                  | rElec rC+++ Int-2 Dex-4}
 69611 | Crypt:3  | Found a staircase to the Tomb.
 69934 | Crypt:3  | Found a shimmering altar of Xom.
 70138 | Crypt:3  | Got the Folio of Spectres
 70153 | Crypt:3  | Identified the ring of Beogh's Anger {rPois Will- Str+5
                  | SInv}
 70156 | Crypt:3  | Identified the ring of Symmetry {rN+ Int+2}
 70156 | Crypt:3  | Identified the ring "Gimpaec" {rC+ rN+}
 70445 | Crypt:3  | Reached XP level 25. HP: 226/226 MP: 46/47
 71425 | D:4      | Bought a book of Power for 588 gold pieces
 71433 | D:4      | Learned a level 6 spell: Iron Shot
 71852 | Vaults:5 | Entered Level 5 of the Vaults
 71875 | Vaults:5 | Reached skill level 21 in Spellcasting
 71876 | Vaults:5 | Reached skill level 15 in Evocations
 72124 | Vaults:5 | Noticed an ancient lich
 72594 | Vaults:5 | Noticed an ancient lich
 72631 | Vaults:5 | Killed an ancient lich
 72850 | Vaults:5 | Noticed an ancient lich
 72853 | Vaults:5 | Killed an ancient lich
 72860 | Vaults:5 | Killed an ancient lich
 73016 | Vaults:5 | Identified the ring of Twilight {rF+ Int+4}
 73287 | Vaults:5 | Noticed an ancient lich
 73299 | Vaults:5 | Killed an ancient lich
 74361 | Vaults:5 | Got a silver rune of Zot
 74833 | Vaults:5 | Found the +2 shield of Resistance {rF++ rC++ Will++}
 74870 | Vaults:5 | Identified the ring "Afouleac" {EV+5 Str+3}
 75297 | Zot:1    | Entered Level 1 of the Realm of Zot
 75338 | Zot:1    | Reached skill level 15 in Earth Magic
 75472 | Zot:1    | Identified the amulet of Secrets {RegenMP Slay+3}
 75890 | Zot:1    | Reached XP level 26. HP: 158/183 MP: 34/48
 77250 | Zot:2    | Noticed Grunn
 77263 | Zot:2    | Killed Grunn
 77906 | Zot:2    | Reached skill level 10 in Shields
 78388 | Zot:3    | Found a transporter.
 78494 | Zot:3    | Found a runed translucent door.
 78495 | Zot:3    | Noticed Yklao's ghost (veteran FeEn)
 78503 | Zot:3    | Killed Yklao's ghost
 78559 | Zot:3    | Identified the +7 scimitar of Doom {holy, *Noise rPois
                  | Str+7}
 78884 | Zot:3    | Found a transporter.
 79153 | Zot:3    | Noticed a dread lich
 79156 | Zot:3    | Noticed a dread lich
 79157 | Zot:3    | Noticed an orb of fire
 79191 | Zot:3    | Gained mutation: Your body sometimes deteriorates upon
                  | taking damage. [an orb of fire]
 79192 | Zot:3    | Killed an orb of fire
 79205 | Zot:3    | HP: 7/236 [constriction (8)]
 79218 | Zot:3    | HP: 9/236 [constriction (7)]
 79860 | Zot:4    | Noticed an orb of fire
 80026 | Zot:4    | Killed an orb of fire
 80513 | Zot:4    | Learned a level 3 spell: Ozocubu's Armour
 80858 | Zot:4    | Reached XP level 27. HP: 233/239 MP: 41/48
 81268 | Zot:3    | Gained mutation: You occasionally shout uncontrollably at
                  | your foes. [a cacodemon]
 81604 | Zot:3    | Killed a dread lich
 81908 | Zot:3    | Killed a dread lich
 81964 | Zot:3    | Identified the ring of Qaoteot {rElec rN+ Str-3 Int+3}
 81970 | Zot:3    | Identified the ring of Ryf Heedgh {rF++ Will+ rCorr Str-2
                  | Dex+6}
 82041 | Zot:3    | Lost mutation: You occasionally shout uncontrollably at
                  | your foes. [potion of mutation]
 82041 | Zot:3    | Lost mutation: Your body sometimes deteriorates upon taking
                  | damage. [potion of mutation]
 82041 | Zot:3    | Gained mutation: Your system is resistant to poisons.
                  | (rPois) [potion of mutation]
 82041 | Zot:3    | Gained mutation: Your magical capacity is low. (-10% MP)
                  | [potion of mutation]
 82041 | Zot:3    | Gained mutation: Your spells are a little harder to cast,
                  | but a little more powerful. [potion of mutation]
 82042 | Zot:3    | Lost mutation: Your magical capacity is low. (-10% MP)
                  | [potion of mutation]
 82042 | Zot:3    | Lost mutation: Your system is resistant to poisons. (rPois)
                  | [potion of mutation]
 82042 | Zot:3    | Lost mutation: Your spells are a little harder to cast, but
                  | a little more powerful. [potion of mutation]
 82042 | Zot:3    | Gained mutation: Your muscles are strong. (Str +4, Int/Dex
                  | -1) [potion of mutation]
 82042 | Zot:3    | Gained mutation: You are partially covered in large bone
                  | plates. (SH +4) [potion of mutation]
 82155 | Zot:3    | Learned a level 8 spell: Lehudib's Crystal Spear
 82176 | Zot:5    | Entered Level 5 of the Realm of Zot
 82953 | Zot:5    | Noticed an ancient lich
 82962 | Zot:5    | Killed an ancient lich
 83041 | Zot:5    | Noticed a dread lich
 83046 | Zot:5    | Killed a dread lich
 83143 | Zot:5    | Noticed an orb of fire
 83158 | Zot:5    | Gained mutation: Your body sometimes deteriorates upon
                  | taking damage. [an orb of fire]
 83159 | Zot:5    | Gained mutation: You are vulnerable to heat. (rF-) [an orb
                  | of fire]
 83163 | Zot:5    | Killed an orb of fire
 83164 | Zot:5    | Reached skill level 15 in Shields
 83199 | Zot:5    | Lost mutation: You are vulnerable to heat. (rF-) [potion of
                  | mutation]
 83199 | Zot:5    | Lost mutation: Your muscles are strong. (Str +4, Int/Dex
                  | -1) [potion of mutation]
 83199 | Zot:5    | Gained mutation: You are strong-willed. (Will+) [potion of
                  | mutation]
 83199 | Zot:5    | Gained mutation: You are somewhat resistant to further
                  | mutation. [potion of mutation]
 83268 | Zot:5    | Noticed an orb of fire
 83280 | Zot:5    | Killed an orb of fire
 83326 | Zot:5    | Noticed an ancient lich
 83348 | Zot:5    | Killed an ancient lich
 83426 | Zot:5    | Noticed an ancient lich
 83431 | Zot:5    | Killed an ancient lich
 83616 | Zot:5    | Reached skill level 15 in Conjurations
 83639 | Zot:5    | Noticed an orb of fire
 83663 | Zot:5    | Noticed an orb of fire
 83664 | Zot:5    | Noticed an orb of fire
 83711 | Zot:5    | Killed an orb of fire
 83725 | Zot:5    | Killed an orb of fire
 83767 | Zot:5    | Noticed an orb of fire
 83774 | Zot:5    | Killed an orb of fire
 83779 | Zot:5    | Noticed an ancient lich
 83792 | Zot:5    | Killed an ancient lich
 83951 | Zot:5    | Killed an orb of fire
 84030 | Zot:5    | Noticed an ancient lich
 84038 | Zot:5    | Killed an ancient lich
 84318 | Zot:5    | Got the Orb of Zot
 84879 | D:1      | Noticed Seuciacy the pandemonium lord
 84926 | D:$      | Escaped with the Orb!

Illustrated notes

Levels and vault maps discovered:
D:1:      dpeg_arrival_simpleton_a, layout_basic, serial_shops,
          nicolae_shop_advertising_works [nicolae_subvault_shop_adworks],
          dreamdust_princess_corridor, nicolae_hexahallways
D:2:      layout_basic, nicolae_ecumenical_oubliette, uniq_robin, uniq_terence,
          uniq_natasha
D:3:      cheibrodos_pilgrimage, layout_rooms, mainiacjoe_overflow_boulevard,
          xom_teletrap_fun, tgw_sif, minmay_puff
D:4:      layout_loops_corners, nicolae_qazlal_beasts_of_the_sky,
          minmay_temple_entry_offerings, serial_shops, shop,
          nicolae_stop_n_shop_1, uniq_ijyb
D:5:      layout_gridville, serial_shops, shop, shop, shop, shop,
          chequers_serial_rivers_micro_a
D:6:      minmay_razor_zed, layout_basic, kiku_gazebo_pond_becter,
          lemuel_crystal_altar, serial_shops, shop, uniq_pikel
D:7:      layout_cave_pools, serial_undead, serial_undead_a, serial_undead_f,
          serial_undead_e, serial_undead_c, serial_undead_f, serial_undead_f,
          serial_undead_e, serial_undead_f, serial_undead_e, serial_undead_f,
          amcnicky_mini_rare_corridor_liquid
D:8:      black_bear_nest_2, layout_basic, amcnicky_altar_gilded
D:9:      layout_basic, tso_oasis_becter, minmay_overflow_temple_star_quad,
          nicolae_inconvenience_store, nicolae_take_the_stairs, uniq_joseph
D:10:     minmay_quarter_circles, layout_basic, kennysheep_mini_moat
D:11:     hangedman_screamer, layout_cave_pools, lair_entry_dummy,
          minmay_misc_feat_secret_circle, minivault_14, minivault_10,
          st_stairs_12, nicolae_lava_and_water
D:12:     layout_grid_maze, gammafunk_ghost_nasty_kobolds, minmay_between
D:13:     layout_roguey, erik_vaults_1, nicolae_transporter_intersection
D:14:     layout_basic, nemelex_diamond_rough_becter
D:15:     hangedman_depths_entry_try_elsewhere_first, layout_long_grid,
          grunt_gozag_breadcrumbs, serial_shops, nicolae_shop_back_alley_shop,
          drop_trap, minmay_misc_feat_plants, dreamdust_wasp_nest
Temple:   chequers_temple_sunken
Lair:1:   layout_roguey, basic_altar, minivault_23, grunt_megastairs_5,
          lemuel_fruit_fields
Lair:2:   layout_roguey, nicolae_swamp_entry_spooky,
          minmay_snake_entry_guardpost_small, nicolae_lair_lil_pond
Lair:3:   layout_roguey, portal_ice_cave_demonic_guard, uniq_kirke, uniq_sonja,
          uniq_urug
Lair:4:   layout_hall_layers, slime_entry_1, nicolae_lair_grazing_beasts
          [nicolae_sub_lair_graze_edge, nicolae_sub_lair_graze_edge,
          nicolae_sub_lair_graze_edge, nicolae_sub_lair_graze_edge],
          serial_bayou_shore_b, serial_bayou_shore_a, grunt_megastairs_1
Lair:5:   due_jungle_book, layout_loops_ring, serial_bayou_ford_a,
          infiniplex_staircase_pool
Swamp:1:  layout_basic_swamp, infiniplex_staircase_pool_2
Swamp:2:  layout_basic_swamp, nicolae_swamp_bean_lake, swamp_pool1
Swamp:3:  layout_falls_marsh, nicolae_swamp_feature_on_the_river_bank
Swamp:4:  swamp_pestilence, layout_basic_swamp, nicolae_swamp_oxbows
Snake:1:  layout_cave_shapes, serial_bayou_shore_b
Snake:2:  layout_basic, basic_altar, minmay_shop_grove
Snake:3:  layout_cave_town
Snake:4:  minmay_snake_end_coiled, layout_cave_town,
          nicolae_snake_salamander_zone
Orc:1:    layout_diamond_mine, gammafunk_ghost_smash, nicolae_orc_rockfall,
          nicolae_orc_flooded_monolith
Orc:2:    st_orc_town, layout_diamond_mine, gammafunk_ghost_grave
Elf:1:    minmay_elf_arrival_summoners, layout_loops_corners, minivault_28,
          serial_nicolae_subway, nicolae_sub_station_stone,
          nicolae_sub_station_crystal, nicolae_sub_station_metal
Elf:2:    nicolae_elf_blades_splatter_lattice [nicolae_blade_entry_antechamber],
          layout_onion_city, nicolae_elf_theology_debate
Elf:3:    minmay_elf_hall_hex, layout_onion_city, serial_shops, shop
Vaults:1: hangedman_vaults_stagger, hangedman_vaults_cutoff,
          nicolae_vaults_disjoint_gnomons, v_alt_pattern_1,
          nicolae_vaults_trapezoid_1, nicolae_vaults_trapezoid_lopsided_2,
          st_more_cells, vaults_room_grunt_arrival_ludios,
          nicolae_vaults_little_squares_4, nicolae_vaults_circle_grid_a,
          nicolae_vaults_storage_closets_1, vaults_dpeg_cross,
          vaults_mumra_chevron, nicolae_vaults_tetromino_Z_2, layout_vaults_maze
Vaults:2: v_rooms_5, nicolae_vaults_double_plus_1, vaults_room_ringed_pool,
          minmay_crypt_entry_simple_round, nicolae_vaults_offset_grid_hallway_2,
          vaults_mumra_hexcomb, nicolae_vaults_circle_grid_a,
          grunt_vaults_hallway_short, nicolae_vaults_closet_pinwheel_1,
          st_lattice, vaults_dpeg_encased_lava, nicolae_vaults_alarming,
          layout_vaults_chaotic_city, serial_shops, nicolae_shop_hallway_plus
Vaults:3: nicolae_vaults_door_testing_chamber, v_misc_19, v_misc_30,
          ontoclasm_vaults_spin, vaults_room_hallway, grunt_vaults_hallway_long,
          nicolae_vaults_network_periphery, v_rooms_4, vaults_dpeg_ring,
          nicolae_vaults_six-pack, nicolae_vaults_trapezoid_lopsided_3,
          grunt_vaults_diagonal, nicolae_vaults_little_squares_4,
          nicolae_vaults_trapezoid_3, layout_vaults_big_cross
Vaults:4: dpeg_vaults_monster_box, vaults_mumra_minichess_inversion,
          nicolae_vaults_diagonal_hallway_8, ontoclasm_vaults_idyll,
          nicolae_vaults_back_hallway, ontoclasm_vaults_tryst, v_alt_pattern_1,
          v_pattern_2, nicolae_vaults_double_plus_2, ontoclasm_vaults_chip,
          v_misc_15, layout_vaults_ring, uniq_aizul
Vaults:5: serial_shops
Crypt:1:  layout_misc_corridors
Crypt:2:  statuecave_lemuel, layout_gridlike, hex_large, nicolae_crypt_niches,
          uniq_jory, uniq_vv, uniq_frederick
Crypt:3:  church_of_pain_bobbens, layout_chaotic_city,
          nicolae_tomb_entry_rubble_hallway, grunt_ministairs_10
Depths:1: layout_big_octagon, hangedman_abyss_entry_splay, fedhas_altar_1,
          hell_entry, solitary_fountain, minmay_hedge_maze, grunt_ministairs_6,
          kennysheep_generic_room_7
Depths:2: minmay_the_grid_octo_tiled_squarecenter [minmay_the_grid_octo_77,
          minmay_the_grid_octo_empty, minmay_the_grid_octo_horde,
          minmay_the_grid_octo_odd_swirl,
          minmay_the_grid_square_5x5_megaprize_hollow,
          minmay_the_grid_square_5x5_bracketed,
          minmay_the_grid_square_5x5_two_walls_a,
          minmay_the_grid_square_5x5_tetrominoes,
          minmay_the_grid_square_5x5_n_small], layout_cave_pools,
          minmay_misc_feat_roman, pan_entry,
          nicolae_abyss_entry_one_way_or_another, grunt_mini_vestibule,
          nicolae_transmutations_shop
Depths:3: minmay_complete_graph, layout_gridlike, abyss_entry, hell_entry,
          nicolae_qazlal_style_of_elements, kilobyte_rumbling_trees
Depths:4: grunt_twist_and_shout, layout_cave_pools, enter_ziggurat_c,
          hellmouth_1, nicolae_ru_awakened_eye, uniq_margery, uniq_enchantress,
          uniq_sojobo
Zot:1:    layout_twisted_circle
Zot:2:    layout_gridlike, nicolae_zot_crop_circle, uniq_grunn
Zot:3:    gammafunk_dig_for_victory, layout_twisted_circle,
          ebering_ghost_reflecting_pool
Zot:4:    layout_basic, st_stairs_10
Zot:5:    layout_misc_corridors

Skill      XL: |  1  2  3  4  5  6  7  8  9 10 11 12 13 14 15 16 17 18 19 20 21 22 23 24 25 26 27 |
---------------+----------------------------------------------------------------------------------+-----
Dodging        | 2 3 4 5 6 8 10 12 13 15 | 15.0
Fire Magic     | 4 5 4 5 6 7 9 10 | 10.0
Conjurations   | 2 3 5 6 9 10 13 16 | 16.2
Air Magic      | 1 2 3 5 |  5.0
Poison Magic   | 1 2 3 5 |  5.0
Hexes          | 1 2 3 4 5 9 10 | 10.0
Spellcasting   | 3 5 7 10 11 12 13 15 17 18 20 21 | 21.0
Fighting       | 1 6 9 12 14 17 18 19 | 19.0
Necromancy     | 5 9 10 | 10.0
Earth Magic    | 5 9 10 15 16 19 | 19.3
Evocations     | 8 9 12 14 15 | 15.0
Translocations | 6 10 | 10.0
Ice Magic      | 8 16 18 19 | 19.2
Shields        | 2 5 6 12 15 | 15.0
Stealth        | |  1.7

Action                     |  1- 3 |  4- 6 |  7- 9 | 10-12 | 13-15 | 16-18 | 19-21 | 22-24 | 25-27 || total
---------------------------+-------+-------+-------+-------+-------+-------+-------+-------+-------++-------
  Melee: Tailslap          |     2 |    10 |     4 |    10 |    16 |    10 |    11 |    85 |    74 ||   222
         Unarmed           |     1 |       |       |       |       |       |       |       |       ||     1
         Dagger            |     5 |    17 |       |       |       |       |       |       |       ||    22
         Mace              |       |    33 |    39 |    89 |    67 |    44 |    33 |    23 |       ||   328
         Punch             |       |     1 |       |     1 |       |     1 |       |       |       ||     3
         Staff             |       |       |       |       |       |       |       |   314 |   225 ||   539
  Throw: Dart              |       |       |       |     1 |     1 |       |       |       |     1 ||     3
   Cast: Foxfire           |    47 |   143 |   213 |   142 |   144 |    17 |       |       |       ||   706
         Scorch            |       |     7 |    81 |   171 |   284 |   484 |   544 |   409 |    11 ||  1991
         Inner Flame       |       |     1 |    10 |    43 |   194 |    98 |    91 |    55 |     7 ||   499
         Poisonous Vapours |       |     1 |     3 |    26 |    54 |       |       |       |       ||    84
         Flame Wave        |       |       |     2 |       |       |       |       |       |       ||     2
         Shock             |       |       |       |    94 |    21 |       |       |       |       ||   115
         Sticky Flame      |       |       |       |     1 |     3 |       |       |       |       ||     4
         Borgnjor's Vile C |       |       |       |       |   120 |   202 |   172 |   276 |   218 ||   988
         Olgreb's Toxic Ra |       |       |       |       |    39 |    38 |    13 |     9 |       ||    99
         Iskenderun's Myst |       |       |       |       |    14 |    69 |    82 |   163 |   116 ||   444
         Hailstorm         |       |       |       |       |       |    24 |    16 |    38 |     6 ||    84
         Ozocubu's Refrige |       |       |       |       |       |    35 |   151 |   158 |   134 ||   478
         Freezing Cloud    |       |       |       |       |       |       |       |    27 |    13 ||    40
         Lee's Rapid Decon |       |       |       |       |       |       |       |    93 |     2 ||    95
         Iron Shot         |       |       |       |       |       |       |       |       |   425 ||   425
         Lehudib's Crystal |       |       |       |       |       |       |       |       |    43 ||    43
Ability: Breathe Frost     |       |       |       |       |       |       |       |     1 |       ||     1
  Evoke: Wand              |       |       |       |     2 |     4 |    14 |     5 |    15 |    37 ||    77
         Lightning rod     |       |       |       |       |     1 |     2 |       |     4 |     4 ||    11
         Phantom mirror    |       |       |       |       |       |     1 |       |     1 |       ||     2
         Condenser vane    |       |       |       |       |       |     1 |       |       |     1 ||     2
         Box of beasts     |       |       |       |       |       |       |       |     1 |       ||     1
    Use: Scroll            |       |     4 |     5 |     7 |    15 |     9 |     3 |     4 |    25 ||    72
         Potion            |       |       |     3 |     3 |     7 |     1 |     4 |     1 |    18 ||    37
   Stab: Distracted        |       |       |     1 |       |       |       |     1 |       |       ||     2
         Sleeping          |       |       |       |     1 |       |     1 |       |     4 |     1 ||     7
 Armour: Skin              |     8 |    21 |    65 |   124 |   141 |   178 |   159 |   266 |   252 ||  1214
  Dodge: Dodged            |    32 |    46 |   141 |   229 |   218 |   366 |   336 |   817 |   691 ||  2876
  Block: Other             |       |     9 |    46 |   102 |    41 |       |       |       |       ||   198
         Reflection        |       |     1 |     3 |     5 |       |       |       |       |       ||     9
         Buckler           |       |       |       |       |       |    44 |   138 |   284 |    61 ||   527
         Kite shield       |       |       |       |       |       |       |       |       |   464 ||   464
